 Dungeon Crawl Stone Soup version 0.20-a0-2-g2b0e13a (console) character file.

1514 brucemayne the Cleaver (level 8, -8/64 HPs)
             Began as a Hill Orc Monk on Oct 28, 2016.
             Was a Believer of Makhleb.
             Mangled by a manticore (9 damage)
             ... on level 9 of the Dungeon.
             The game lasted 00:13:41 (2587 turns).

brucemayne the Cleaver (Hill Orc Monk)              Turns: 2587, Time: 00:13:42

Health: -8/64      AC: 11    Str: 16    XL:     8   Next: 83%
Magic:  8/8        EV:  5    Int: 10    God:    Makhleb [**....]
Gold:   184        SH:  0    Dex: 13    Spells: 0 memorised, 7 levels left

rFire  . . .     SeeInvis .     o - +0 war axe
rCold  . . .     Gourm    .     v - +0 plate armour
rNeg   . . .     Faith    .     (no shield)
rPois  +         Spirit   .     s - +0 helmet
rElec  .         Reflect  .     (no cloak)
rCorr  .         Harm     .     (no gloves)
MR     .....                    (no boots)
Stlth  ..........               (no amulet)
                                (no ring)
                                r - ring of poison resistance

@: about to teleport
A: no striking features
a: Minor Destruction, Renounce Religion


You were on level 9 of the Dungeon.
You worshipped Makhleb.
Makhleb was pleased with you.
You were not hungry.

You visited 1 branch of the dungeon, and saw 10 of its levels.
You also visited: Ossuary.

You collected 184 gold pieces.

Inventory:

Hand Weapons
 a - a +0 hand axe
 o - a +0 war axe (weapon)
 D - a +0 war axe
Missiles
 x - 2 javelins (quivered)
Armour
 b - a +0 robe
 n - a +0 scale mail
 q - a +0 ring mail
 s - a +0 helmet (worn)
 v - a +0 plate armour (worn)
 y - a +0 hat
Jewellery
 r - a ring of poison resistance (left hand)
Scrolls
 w - 3 scrolls of remove curse
 F - 7 scrolls of random uselessness {unknown}
 G - 2 scrolls of immolation {unknown}
 I - a scroll of noise
 J - a scroll of fear {unknown}
 K - a scroll of fog
 N - a scroll of identify {unknown}
Potions
 f - 2 potions of brilliance {unknown}
 i - 2 potions of curing
 j - a potion of resistance
 k - a potion of ambrosia
 l - 4 potions of degeneration
 p - a potion of haste
 z - a potion of lignification {unknown}
 A - a potion of might
 B - a potion of magic {unknown}
 E - 2 potions of mutation {unknown}
 H - a potion of agility
 L - a potion of cure mutation {unknown}
 M - a potion of flight
Comestibles
 c - 6 bread rations
 d - 3 fruits
 h - a meat ration
 m - 4 beef jerkies
 t - a slice of pizza
 C - a royal jelly


   Skills:
 - Level 3.6 Fighting
 + Level 13.8 Axes
 - Level 2.4 Dodging
 - Level 1.5 Stealth


You had 7 spell levels left.
You didn't know any spells.

Dungeon Overview and Level Annotations

Branches:
Dungeon (10/15)            Temple (0/1) D:6
   Lair: D:8-11         Orc: D:9-12

Altars:
Gozag
Hepliaklqana
Makhleb
Qazlal
Vehumet
Xom
Yredelemnul
Zin

Annotations:
D:3 exclusion: downstairs
D:5 exclusion: downstairs


Message History

The orc shouts!
A killer bee comes into view.
There is an escape hatch in the ceiling here.
The killer bee buzzes angrily.
A mysterious force pulls you upwards. The hatch slams shut behind you.
The manticore bites you!
* * * LOW HITPOINT WARNING * * *
The manticore claws you.
* * * LOW HITPOINT WARNING * * *
The manticore claws you.
* * * LOW HITPOINT WARNING * * *
Unknown command.
You feel better. The manticore bites you!
* * * LOW HITPOINT WARNING * * *
The manticore claws you but does no damage. x2
As you read the scroll of teleportation, it crumbles to dust.
You feel strangely unstable. The manticore bites you!
* * * LOW HITPOINT WARNING * * *
The manticore claws you!
You die...

##...............
#..................
###......%..........#
..........>.........#
#..................
#....<.............
##.................
#..................
#.........H@..)....
...................#
..#................##
. ................##
..#........#.....#
#......#.......#
##### .......#
........


You could see a manticore.

Vanquished Creatures
  Grinder (D:3)
  An ogre (D:4)
  4 phantoms
  A bullfrog (D:7)
  2 scorpions (D:7)
  A howler monkey (D:7)
  A crimson imp (D:6)
  2 jellies
  A hound (D:6)
  2 orc wizards
  3 bullfrog skeletons
  2 iguanas
  3 worker ants
  A killer bee zombie (D:5)
  A big kobold zombie (Ossuary)
  A hound zombie (D:2)
  4 mummies (Ossuary)
  Robin (D:4)
  A worker ant zombie (D:5)
  7 adders
  3 adder skeletons
  An adder zombie (D:2)
  A worm (D:3)
  10 orcs
  A ball python (D:4)
  A bat skeleton (D:2)
  A bat zombie (D:2)
  3 giant cockroaches
  4 gnoll zombies
  11 goblins
  7 hobgoblins
  10 jackals
  A quokka (D:4)
  A ball python zombie (D:2)
  4 bats
  A frilled lizard (D:1)
  2 goblin zombies (Ossuary)
  6 kobolds
  2 kobold zombies (Ossuary)
  A leopard gecko skeleton (D:2)
  2 leopard gecko zombies
  An orc zombie (Ossuary)
  3 rats
117 creatures vanquished.

Notes
Turn   | Place    | Note
-------+----------+-------------------------------------------
     0 | D:1      | brucemayne the Hill Orc Monk began the quest for the Orb.
     0 | D:1      | Reached XP level 1. HP: 19/19 MP: 1/1
   139 | D:2      | Reached XP level 2. HP: 22/26 MP: 2/2
   271 | D:3      | Reached skill level 5 in Axes
   358 | D:4      | Noticed a phantom
   444 | D:4      | Noticed a phantom
   488 | D:4      | Noticed a phantom
   495 | D:4      | Noticed an ogre
   656 | D:2      | Reached XP level 3. HP: 18/31 MP: 3/3
   725 | D:2      | Reached skill level 6 in Axes
   765 | D:2      | Reached XP level 4. HP: 21/39 MP: 4/4
   859 | D:2      | Found a basalt altar of Yredelemnul.
   901 | D:2      | Reached skill level 7 in Axes
  1094 | D:3      | Found a hazy altar of Hepliaklqana.
  1094 | D:3      | Noticed Grinder
  1132 | D:3      | Killed Grinder
  1132 | D:3      | Reached skill level 9 in Axes
  1132 | D:3      | Reached XP level 5. HP: 16/45 MP: 5/5
  1132 | D:3      | Reached XP level 6. HP: 18/51 MP: 6/6
  1250 | D:3      | Found a faded altar of an unknown god.
  1372 | D:4      | Killed a phantom
  1434 | D:4      | Noticed Robin
  1466 | D:4      | Killed Robin
  1466 | D:4      | Reached skill level 10 in Axes
  1466 | D:4      | Reached XP level 7. HP: 38/57 MP: 7/7
  1490 | D:5      | Entered Level 5 of the Dungeon
  1674 | D:4      | Reached skill level 11 in Axes
  1811 | D:4      | Reached XP level 8. HP: 33/64 MP: 8/8
  1877 | D:5      | Reached skill level 12 in Axes
  1940 | D:6      | Found a sand-covered staircase.
  1947 | Ossuary  | Entered an ossuary
  2175 | D:6      | Found a radiant altar of Vehumet.
  2176 | D:6      | Found an opulent altar of Gozag.
  2176 | D:6      | Found a glowing silver altar of Zin.
  2177 | D:6      | Found a burning altar of Makhleb.
  2178 | D:6      | Found a stormy altar of Qazlal.
  2180 | D:6      | Found a shimmering altar of Xom.
  2186 | D:6      | Became a worshipper of Makhleb the Destroyer
  2186 | D:6      | Reached * piety under Makhleb
  2186 | D:6      | Reached ** piety under Makhleb
  2334 | D:7      | Reached skill level 13 in Axes
  2416 | D:7      | Noticed a spriggan baker
  2509 | D:9      | Noticed a manticore
  2514 | D:10     | Entered Level 10 of the Dungeon
  2568 | D:10     | Noticed a gargoyle
  2587 | D:9      | HP: 1/64 [manticore (8)]
  2587 | D:9      | Mangled by a manticore

Vault maps used:
D:1:      lightli_arrival_quake
D:2:      lemuel_zombie_altar_yredelemnul, serial_undead, serial_undead_b,
          serial_undead_a, serial_undead_a, serial_undead_d
D:3:      lemuel_round_altar, ecumenical_altar_1, serial_bayou_pond_e,
          uniq_grinder
D:4:      uniq_robin
D:5:      amethyst_overflow_temple_binary, first_bread, serial_bayou_lagoon_a
D:6:      minmay_opposing_rooms, grunt_temple_overflow_open,
          chequers_ossuary_entry_cave, serial_shops,
          nicolae_shop_competitors_out_of_business, okawaru_gym_becter
D:7:      the_bakery
D:8:      nicolae_ru_sacrificial_ziggurat, serial_shops, shop,
          grunt_decor_arrowhead
D:9:      slow_altar_1, nicolae_overflow_crystal_walls, orc_0_dummy
D:10:     hangedman_cross_veins, worms_lemuel
Ossuary:  ossuary_crypta

Skill      XL: |  1  2  3  4  5  6  7  8 |
---------------+-------------------------+-----
Axes           | 5 6 9 10 11 13 | 13.8
Fighting       | |  3.6
Dodging        | |  2.4
Stealth        | |  1.5

Action                   |  1- 3 |  4- 6 |  7- 9 || total
-------------------------+-------+-------+-------++-------
Melee: Hand axe          |    94 |    82 |       ||   176
       War axe           |       |    63 |   247 ||   310
Throw: Javelin           |       |       |     3 ||     3
       Throwing net      |       |       |     1 ||     1
  Use: Potion            |     2 |     7 |     1 ||    10
       Scroll            |       |     6 |     4 ||    10
  Eat: Chunk             |       |     1 |     4 ||     5
       Fruit             |       |       |     2 ||     2
Armor: Robe              |    11 |       |       ||    11
       Scale mail        |    46 |    34 |       ||    80
       Plate armour      |       |    49 |   111 ||   160
Dodge: Dodged            |    84 |    48 |    55 ||   187
